 Dungeon Crawl Stone Soup version 0.17-a0-701-gb6462b4 (webtiles) character file.

45 FedoraBrony69 the Conjurer (level 3, -1/19 HPs)
             Began as a Deep Elf Conjurer on Apr 19, 2015.
             Killed from afar by FedoraBrony69's ghost (6 damage)
             ... with a magic dart
             ... on level 3 of the Dungeon.
             The game lasted 00:02:31 (1032 turns).

FedoraBrony69 the Conjurer (Deep Elf Conjurer)      Turns: 1032, Time: 00:02:31

Health: -1/19      AC:  5    Str:  5    XL:     3   Next: 42%
Magic:  13/19      EV: 13    Int: 20    God:
Gold:   93         SH:  0    Dex: 15    Spells: 1 memorised, 9 levels left

rFire  + . .     SeeInvis .     h - +0 dagger
rCold  . . .     Clarity  .     a - +0 robe
rNeg   . . .     SustAb   .     (no shield)
rPois  .         Gourm    +     k - +0 helmet
rElec  .         Spirit   .     (no cloak)
rCorr  .         Warding  .     (no gloves)
rMut   .         Stasis   .     p - +1 pair of boots
MR     .....                    s - amulet of the gourmand
Stlth  ++........               e - ring of protection from fire
                                d - ring of magical power

@: not resistant to hostile enchantments, unstealthy
A: no striking features
a: no special abilities


You were on level 3 of the Dungeon.
You were not hungry.

You visited 1 branch of the dungeon, and saw 3 of its levels.

You collected 93 gold pieces.

Inventory:

Hand weapons
 h - a +0 dagger (weapon)
Armour
 a - a +0 robe (worn)
 k - a +0 helmet (worn)
 p - a +1 pair of boots (worn)
 t - a +0 buckler
Jewellery
 d - a ring of magical power (left hand)
 e - a ring of protection from fire (right hand)
 s - an amulet of the gourmand (around neck)
Scrolls
 j - a scroll of fear {unknown}
 l - 2 scrolls of remove curse {unknown}
 n - 2 scrolls of magic mapping {unknown}
 o - a scroll of identify {unknown}
 q - a scroll of amnesia {unknown}
 r - 2 scrolls of recharging {unknown}
 w - a scroll of immolation {unknown}
Potions
 f - a potion of heal wounds {unknown}
 g - a potion of cure mutation {unknown}
 i - a potion of restore abilities {unknown}
 m - a potion of agility {unknown}
 u - a potion of magic {unknown}
Books
 c - a book of Conjurations

   Spells                             Type                      Level
   a - Magic Dart                     Conjuration                  1
   b - Searing Ray                    Conjuration                  2
   c - Dazzling Spray                 Conjuration/Hexes            3
   d - Fulminant Prism                Conjuration/Hexes            4
   e - Iskenderun's Mystic Blast      Conjuration                  4
   f - Iskenderun's Battlesphere      Conjuration/Charms           5
Comestibles
 b - 2 bread rations
 v - 3 fruits


   Skills:
 - Level 2.4 Dodging
 - Level 2.4 Stealth
 + Level 4.1 Spellcasting
 + Level 5.2 Conjurations


You had 9 spell levels left.
You knew the following spells:

 Your Spells              Type           Power        Failure   Level  Hunger
a - Magic Dart            Conj           ####         1%          1    None


Dungeon Overview and Level Annotations

Branches:
Dungeon (3/15)

Altars:
Qazlal
Sif Muna
Yredelemnul
Zin

Annotations:
D:3 FedoraBrony69's ghost, average DECj


Message History

The magic dart hits FedoraBrony69's ghost.
FedoraBrony69's ghost is heavily damaged.
Casting: Magic Dart
Confirm with . or Enter, or press ? or * to list all spells.
Aiming: Magic Dart
Press: ? - help, Shift-Dir - straight line, f/p - FedoraBrony69's ghost
Aim: FedoraBrony69's ghost, wielding a weapon of speed (heavily damaged)
The magic dart hits FedoraBrony69's ghost.
FedoraBrony69's ghost is heavily damaged.
FedoraBrony69's ghost wails.
Casting: Magic Dart
Confirm with . or Enter, or press ? or * to list all spells.
Aiming: Magic Dart
Press: ? - help, Shift-Dir - straight line, f/p - FedoraBrony69's ghost
Aim: FedoraBrony69's ghost, wielding a weapon of speed (heavily damaged)
The magic dart hits FedoraBrony69's ghost.
FedoraBrony69's ghost is heavily damaged.
FedoraBrony69's ghost casts a spell at you.
The magic dart hits you!
You die...

#. #. #### ##.# #...
#... ...###
#.##.$.......
...$..)#...#
#.........####..
#..##.#@........
#...............
##.#.#...(####..
.###.#†#W...#####..
....................
.......#....###### #
....###.^.....# .#
### #...###.#####.##
#...............


You could see FedoraBrony69's ghost.

Vanquished Creatures
  An adder (D:2)
  2 giant geckos (D:1)
  A ball python (D:2)
  7 bats
  A giant cockroach (D:2)
  6 goblins
  4 hobgoblins
  4 jackals (D:2)
  3 kobolds
  2 giant newts (D:1)
  A rat (D:1)
32 creatures vanquished.

Notes
Turn   | Place    | Note
--------------------------------------------------------------
     0 | D:1      | FedoraBrony69, the Deep Elf Conjurer, began the quest for the Orb.
     0 | D:1      | Reached XP level 1. HP: 10/10 MP: 6/6
   235 | D:1      | Reached XP level 2. HP: 15/15 MP: 3/8
   684 | D:2      | Found a basalt altar of Yredelemnul.
   687 | D:2      | Found a deep blue altar of Sif Muna.
   721 | D:2      | Reached skill level 5 in Conjurations
   721 | D:2      | Reached XP level 3. HP: 19/19 MP: 10/10
   938 | D:2      | Found a stormy altar of Qazlal.
   940 | D:2      | Found a glowing silver altar of Zin.
  1020 | D:3      | Noticed FedoraBrony69's ghost (average DECj)
  1032 | D:3      | Killed from afar by FedoraBrony69's ghost

Action                   || total
-------------------------++-------
 Cast: Magic Dart        ||    71
